 Dungeon Crawl Stone Soup version 0.29-a0-298-g3c90f9a769 (webtiles) character file.

Game seed: 1390587693451988997

1671 jmlagarto the Skirmisher (level 8, -6/71 HPs)
             Began as a Minotaur Abyssal Knight on Mar 23, 2022.
             Was an Elder of Lugonu.
             Mangled by a yak (8 damage)
             ... on level 5 of the Dungeon.
             The game lasted 00:08:29 (5508 turns).

jmlagarto the Skirmisher (Minotaur Abyssal Knight)  Turns: 5508, Time: 00:08:30

Health: -6/71      AC: 10    Str: 20    XL:     8   Next: 70%
Magic:  10/10      EV: 11    Int:  7    God:    Lugonu [****..]
Gold:   215        SH:  0    Dex: 11    Spells: 7/7 levels left

rFire   . . .      SeeInvis .   h - +2 hand axe (freeze)
rCold   . . .      Faith    .   (no shield)
rNeg    . . .      Spirit   .   a - +0 scale mail
rPois   .          Reflect  .   (helmet restricted)
rElec   .          Harm     .   (no cloak)
rCorr   .          Rampage  .   g - +2 pair of gloves
Will    .....                   (no boots)
Stlth   ..........              (no amulet)
HPRegen 0.21/turn               (no ring)
MPRegen 0.12/turn               (no ring)

@: no status effects
A: horns 2, retaliatory headbutt
a: Renounce Religion, Depart the Abyss, Bend Space, Banish, Corrupt


You were on level 5 of the Dungeon.
You worshipped Lugonu.
Lugonu was greatly pleased with you.
You visited 1 branch of the dungeon, and saw 6 of its levels.
You visited the Abyss 1 time.
You also visited: Sewer.

You collected 215 gold pieces.

Inventory:

Hand Weapons
 h - a +2 hand axe of freezing (weapon)
Missiles
 m - 14 poisoned darts
 r - 3 javelins
 u - 3 silver javelins
Armour
 a - a +0 scale mail (worn)
 g - a +2 pair of gloves (worn)
Wands
 q - a wand of flame (15)
 y - a wand of polymorph (5)
Scrolls
 b - 3 scrolls of enchant weapon
 i - 2 scrolls of noise {unknown}
 j - 2 scrolls of enchant armour {unknown}
 n - 3 scrolls of teleportation
 o - a scroll of immolation {unknown}
 s - a scroll of fog {unknown}
 v - 4 scrolls of identify {unknown}
 x - a scroll of summoning
Potions
 c - a potion of mutation {unknown}
 d - 4 potions of curing
 e - a potion of haste {unknown}
 f - 3 potions of ambrosia {unknown}
 k - a potion of invisibility {unknown}
 l - a potion of attraction {unknown}
 p - 4 potions of flight
 t - a potion of lignification {unknown}
 w - a potion of heal wounds {unknown}
 z - a potion of degeneration {unknown}


   Skills:
 + Level 6.6 Fighting
 + Level 5.9 Axes
 + Level 6.1 Armour
 + Level 5.1 Dodging
 + Level 5.0 Invocations
 + Level 3.1 Evocations


You had 7 spell levels left.
You didn't know any spells.
Your spell library contained the following spells:

 Spells                   Type           Power      Damage    Failure   Level
 Magic Dart               Conj           0%         1d3       77%         1
 Searing Ray              Conj           0%         2d4       88%         2
 Conjure Flame            Conj/Fire      0%         6-21      98%         3
 Ignite Poison            Fire/Tmut/Pois 0%         N/A       98%         3
 Fulminant Prism          Conj/Hex       0%         3d6       100%        4
 Sticky Flame             Conj/Fire      0%         2d3       100%        4


Dungeon Overview and Level Annotations

Branches:
Dungeon (6/15)             Temple (0/1) D:4           Sewer (visited)

Altars:

Annotations:
D:6 1 transporter


Innate Abilities, Weirdness & Mutations

You have a pair of horns on your head.
You reflexively headbutt those who attack you in melee.


Message History

The yak is heavily wounded.
The yak gores you but does no damage.
You barely miss the yak.
The yak is heavily wounded.
The yak gores you but does no damage.
You hit the yak. You freeze the yak.
The yak is severely wounded.
The yak gores you but does no damage.
You hit the yak. You freeze the yak.
The yak is almost dead.
The yak closely misses you.
You hit the yak. You freeze the yak.
You kill the yak!
Lugonu accepts your kill.
Your Armour skill increases to level 6!
Your Invocations skill increases to level 5!
Your Evocations skill increases to level 3!
You hit the yak but do no damage. The yak gores you but does no damage.
You completely miss the yak. The yak gores you but does no damage.
You hit the yak. You freeze the yak.
The yak is lightly wounded.
The yak gores you but does no damage.
You slash the yak! You freeze the yak.
The yak is moderately wounded.
The yak gores you!
* * * LOW HITPOINT WARNING * * *
You hit the yak. You freeze the yak. Your headbutt misses the yak.
The yak is heavily wounded.
The yak closely misses you.
You hit the yak. You freeze the yak.
The yak is severely wounded.
The yak gores you!
* * * LOW HITPOINT WARNING * * *
You barely miss the yak.
The yak is severely wounded.
The yak misses you.
You hit the yak but do no damage.
The yak is severely wounded.
The yak gores you!
You die...

#..# ##.## #..##
##.## ###...###
###.##
####.......###..##
##......>.......##
...<..Y...####..##
.........## ##..#
..!.#...## ##.#
.###...## #@##
###...## ##Y##
##....# #...#
.....## ##.###
....## #..# #.Y.##
##Y## #.Y.## #..#
##Y..# ##.##
##...Y## ##..#


You could see a yak.

Vanquished Creatures
  The ghost of kae the Slasher, an amateur MfAK of Lugonu (D:4)
  5 yaks (D:5)
  Menkaure (D:4)
  A water moccasin (D:5)
  2 kobold brigands (D:4)
  A gnoll shaman (D:4)
  2 hounds
  A merfolk siren (Sewer)
  A merfolk avatar (Sewer)
  5 gnolls (D:4)
  6 adders
  3 river rats (Sewer)
  A shadow imp (D:5)
  An ufetubus (D:4)
  2 worms
  2 dart slugs
  5 orcs
  5 bats
  5 endoplasms
  4 giant cockroaches
  6 goblins
  5 hobgoblins
  A jackal (D:5)
  11 kobolds
  6 quokkas
  16 ball pythons
  6 frilled lizards
  21 rats
126 creatures vanquished.

Vanquished Creatures (others)
  A plant (D:2)
1 creature vanquished.

Grand Total: 127 creatures vanquished

Notes
Turn   | Place    | Note
-------+----------+-------------------------------------------
     0 | Abyss:1  | jmlagarto the Minotaur Abyssal Knight began the quest for
                  | the Orb.
     0 | Abyss:1  | Reached XP level 1. HP: 19/19 MP: 1/1
    67 | Abyss:1  | Noticed a raiju
    68 | D:1      | Escaped the Abyss
   382 | D:1      | Reached XP level 2. HP: 27/27 MP: 2/2
   733 | D:2      | Found a faded altar of an unknown god.
   930 | D:2      | Reached XP level 3. HP: 27/33 MP: 3/3
  1460 | D:3      | Reached *** piety under Lugonu
  1461 | D:3      | Reached XP level 4. HP: 39/40 MP: 4/4
  1608 | D:3      | Found a glowing drain.
  1618 | Sewer    | Entered a sewer
  1933 | Sewer    | Reached XP level 5. HP: 43/47 MP: 6/6
  2934 | D:4      | Found a staircase to the Ecumenical Temple.
  2992 | D:4      | Reached **** piety under Lugonu
  3178 | D:4      | Reached XP level 6. HP: 55/55 MP: 7/7
  3620 | D:4      | Found a runed translucent door.
  3620 | D:4      | Noticed kae's ghost (amateur MfAK)
  3696 | D:4      | Reached skill level 5 in Fighting
  3823 | D:4      | You fall into a shaft and drop 2 floors!
  3823 | D:6      | Found a transporter.
  3865 | D:5      | Entered Level 5 of the Dungeon
  3865 | D:5      | Noticed a yak
  3865 | D:5      | Noticed a yak
  3865 | D:5      | Noticed a yak
  3943 | D:4      | Noticed Menkaure
  3951 | D:4      | Killed Menkaure
  3952 | D:4      | Reached skill level 1 in Evocations
  4198 | D:4      | Reached XP level 7. HP: 38/61 MP: 8/8
  4740 | D:4      | Killed kae's ghost
  4860 | D:4      | Reached skill level 5 in Armour
  5184 | D:5      | Reached skill level 5 in Axes
  5446 | D:5      | Noticed a yak
  5447 | D:5      | Noticed a yak
  5447 | D:5      | Noticed a yak
  5483 | D:5      | Killed a yak
  5484 | D:5      | Reached XP level 8. HP: 50/70 MP: 10/10
  5495 | D:5      | Reached skill level 5 in Dodging
  5501 | D:5      | Reached skill level 5 in Invocations
  5506 | D:5      | HP: 2/71 [yak (10)]
  5508 | D:5      | Mangled by a yak

Illustrated notes

Levels and vault maps discovered:
D:1:      scummos_arrival_gate, layout_rooms
D:2:      layout_basic, basic_ecumenical_altar, corexii_shack, kennysheep_boxes
D:3:      layout_rooms, cheibrodos_sewer_entry_sluice
D:4:      cheibrodos_thug_alley, layout_basic, minmay_temple_entry_ruins,
          hellmonk_ghost_happy_afterlife, uniq_menkaure
D:5:      layout_layer_cave
D:6:      layout_cave_pools, gammafunk_ghost_abyssal_escape

Skill      XL: |  1  2  3  4  5  6  7  8 |
---------------+-------------------------+-----
Invocations    | 2 3 4 5 |  5.0
Fighting       | 4 5 6 |  6.6
Axes           | 3 4 5 |  5.9
Armour         | 3 4 5 6 |  6.1
Dodging        | 2 3 4 5 |  5.1
Evocations     | 1 2 3 |  3.1

Action                   |  1- 3 |  4- 6 |  7- 9 || total
-------------------------+-------+-------+-------++-------
Melee: Hand axe          |    60 |   180 |    93 ||   333
       Headbutt          |     8 |    29 |    10 ||    47
       Punch             |     1 |     1 |     1 ||     3
Invok: Depart the Abyss  |     1 |       |       ||     1
       Bend Space        |       |     1 |       ||     1
Evoke: Wand              |       |       |     2 ||     2
  Use: Scroll            |       |     2 |     2 ||     4
       Potion            |       |       |     1 ||     1
Armor: Leather armour    |     1 |       |       ||     1
       Ring mail         |    19 |    48 |       ||    67
       Scale mail        |       |    32 |    30 ||    62
Dodge: Dodged            |    32 |   109 |    43 ||   184

Table legend: (Time is in decaauts)
 A = Elapsed time spent in this place.
 B = Non-inter-level travel time spent in this place.
 C = Inter-level travel time spent in this place.
 D = Time resting spent in this place.
 E = Time spent auto-exploring this place.
 F = Levels seen in this place.
 G = Mean time per level.
                   A        B        C        D        E       F      G
               +--------+--------+--------+--------+--------+-----+--------+
         Total |   5635 |   5479 |    156 |     23 |   4484 |   8 |  704.4 |
       Dungeon |   4535 |   4379 |    156 |     23 |   3603 |   6 |  755.8 |
         Abyss |     68 |     68 |      0 |      0 |     66 |   1 |   68.0 |
         Sewer |   1031 |   1031 |      0 |      0 |    815 |   1 | 1031.0 |
               +--------+--------+--------+--------+--------+-----+--------+

Top non-repeatable levels by time:
     D:4: 2214 daAuts
   Sewer: 1031 daAuts
     D:2: 882 daAuts
     D:3: 602 daAuts
     D:1: 447 daAuts
     D:5: 346 daAuts
 Abyss:1: 68 daAuts
     D:6: 41 daAuts
